 Dungeon Crawl Stone Soup version 0.21-a0-525-ga34b322 (webtiles) character file.

8732107 theanonym the Champion of Chaos (level 27, 141/145 HPs)
             Began as a Gargoyle Monk on Dec 7, 2017.
             Was the Champion of Makhleb.
             Escaped with the Orb
             ... and 10 runes!
             The game lasted 05:02:18 (84657 turns).

theanonym the Champion of Chaos (Gargoyle Monk)    Turns: 84657, Time: 05:02:20

Health: 141/145    AC: 61    Str: 37    XL:     27
Magic:  31/36      EV: 22    Int: 20    God:    Makhleb [******]
Gold:   5468       SH: 38    Dex: 21    Spells: 12/50 levels left

rFire    + + .     SeeInvis .   a - +9 eveningstar (holy)
rCold    + + +     Gourm    .   U - +6 large shield {rN+} {rN+}
rNeg     + + +     Faith    .   i - +12 gold dragon scales {23 rF+ rC+ rPois}
rPois    ∞         Spirit   +   C - +2 hat of the Bear Spirit {Spirit, +Rage rN+ MR++}
rElec    +         Reflect  +   h - +2 cloak "Kusk" {Str+4 Int-2}
rCorr    +         Harm     .   G - +0 pair of gloves of Ziffawka {rElec rN++ Str+8 Stlth-}
MR       +++++     Rnd*Rage +   S - +1 pair of boots of Honour {god gift, *Slow Dex+10} Stlth ..........Rnd*Tele +
                                M - +3 amulet of reflection
HPRegen  0.34/turn              Y - ring of Mozed {rCorr Str+4 Int+4 Dex+3 Slay+2}
MPRegen  0.25/turn              E - ring of Mirth {rC++ MR+ Str+2 Int+4 Stlth-}

@: flying
A: big wings, horns 1, repulsion field 1, rugged brown scales 1, berserk 1,
blink, blurry vision 2, clumsy 2, deformed body, dopey 2, fire resistance 1,
frail 3, low mp 1, negative energy resistance 1, sense surroundings 1,
electricity resistance, inhibited regeneration, teleportitis 2, weak 1,
unbreathing, petrification resistance, no potion heal 2, rot immunity, subdued
magic 1, MP-powered wands, AC +20
0: Orb of Zot
}: 10/15 runes: serpentine, barnacled, slimy, silver, abyssal, demonic, glowing,
magical, fiery, dark
a: Stop Flying, Blink, Minor Destruction, Lesser Servant of Makhleb, Major
Destruction, Greater Servant of Makhleb, Renounce Religion, Evoke Berserk Rage


Innate Abilities, Weirdness & Mutations

You are resistant to torment.
Your stone body is resilient. (AC +20)
You are immune to poison.
Your large and strong wings let you fly indefinitely.
You resist negative energy. (rN+)
You are resistant to electric shocks. (rElec)
You can survive without breathing.
You are immune to petrification.
You are immune to rotting.
You have a pair of small horns on your head.
You are surrounded by a mild repulsion field. (EV +2)
You are partially covered in rugged brown scales. (AC +1, +3% HP)
You tend to lose your temper in combat.
You can translocate small distances at will.
Scrolls take you longer to read.
You are very clumsy. (Dex -4)
Armour fits poorly on your strangely shaped body.
You are very dopey. (Int -4)
Your flesh is heat resistant. (rF+)
You are extremely frail. (-30% HP)
Your magical capacity is low. (-10% MP)
You passively map a small area around you.
You do not regenerate when monsters are visible.
You are sometimes teleported next to monsters.
You are weak. (Str -2)
Potions are poor at restoring your health.
Your spells are a little easier to cast, but a little less powerful.
You expend magic power (3 MP) to strengthen your wands.


   Skills:
 O Level 27 Fighting
 + Level 21.9 Maces & Flails
 - Level 20.0 Armour
 - Level 16.8 Dodging
 - Level 2.1 Stealth
 - Level 25.1 Shields
 - Level 12.0 Spellcasting
 - Level 13.6 Charms
 - Level 7.3 Summonings
 - Level 13.1 Necromancy
 - Level 10.0 Translocations
 O Level 27 Invocations


You had 12 spell levels left.
You knew the following spells:

 Your Spells              Type           Power        Failure   Level  Hunger
a - Passage of Golubria   Tloc           N/A          4%          4    #......
b - Aura of Abjuration    Summ           ####......   41%         5    ####...
c - Lee's Rapid Deconstr  Erth           #.........   100%        5    ####...
d - Control Undead        Necr           #####.....   1%          4    #......
e - Lesser Beckoning      Tloc           #####.....   1%          3    None
f - Passwall              Tmut/Erth      #.........   45%         2    None
g - Blink                 Tloc           N/A          1%          2    None
h - Borgnjor's Revivific  Necr           #####.....   100%        8    #######
r - Regeneration          Chrm/Necr      ######....   1%          3    None
s - Swiftness             Chrm/Air       ####....     2%          2    None

Skill      XL: |  1  2  3  4  5  6  7  8  9 10 11 12 13 14 15 16 17 18 19 20 21 22 23 24 25 26 27 |
---------------+----------------------------------------------------------------------------------+-----
Maces & Flails | 4 5 6 7 9 10 12 14 15 16 21 | 21.9
Fighting       | 4 5 6 7 8 10 11 12 13 15 16 17 18 19 20 22 23 24 25 26 27 | 27.0
Invocations    | 3 5 8 9 10 27 | 27.0
Shields        | 1 4 5 11 14 15 25 | 25.1
Armour         | 2 5 7 9 12 13 15 20 | 20.0
Dodging        | 3 5 6 9 10 12 14 15 16 | 16.8
Spellcasting   | 4 5 8 10 12 | 12.0
Charms         | 4 8 10 11 13 | 13.6
Necromancy     | 3 7 10 11 12 13 | 13.1
Translocations | 10 | 10.0
Summonings     | 7 |  7.3
Stealth        | |  2.1

Action                   |  1- 3 |  4- 6 |  7- 9 | 10-12 | 13-15 | 16-18 | 19-21 | 22-24 | 25-27 || total
-------------------------+-------+-------+-------+-------+-------+-------+-------+-------+-------++-------
Melee: Mace              |   124 |    73 |       |       |       |       |       |       |       ||   197
       Flail             |       |   137 |   148 |       |       |       |       |       |       ||   285
       Morningstar       |       |       |   188 |   567 |  1370 |   293 |       |       |       ||  2418
       Punch             |       |       |     2 |       |       |       |       |       |       ||     2
       Eveningstar       |       |       |       |       |       |   215 |    11 |     3 |  3529 ||  3758
       Demon whip        |       |       |       |       |       |   787 |  1899 |  2001 |  1185 ||  5872
       Great mace        |       |       |       |       |       |       |       |       |  1669 ||  1669
       Headbutt          |       |       |       |       |       |       |       |       |   283 ||   283
Throw: Stone             |    24 |    65 |    42 |       |       |       |       |       |       ||   131
       Tomahawk          |       |     4 |    18 |    15 |     1 |     5 |     1 |     3 |       ||    47
       Throwing net      |       |       |       |     5 |       |       |       |       |     2 ||     7
 Cast: Regeneration      |       |       |       |       |       |       |       |     3 |    88 ||    91
       Lesser Beckoning  |       |       |       |       |       |       |       |       |     8 ||     8
       Control Undead    |       |       |       |       |       |       |       |       |     2 ||     2
Invok: Heroism           |       |       |     6 |    10 |    15 |    11 |    11 |    20 |    10 ||    83
       Finesse           |       |       |       |     1 |     2 |     2 |     2 |     3 |     2 ||    12
       Greater Servant o |       |       |       |       |       |       |       |       |    20 ||    20
 Abil: Fly               |       |       |       |       |     1 |     1 |     1 |       |     3 ||     6
       Stop Flying       |       |       |       |       |       |     3 |       |     1 |     2 ||     6
       Evoke Berserk Rag |       |       |       |       |       |       |       |     1 |       ||     1
Evoke: Wand              |       |       |       |       |    21 |     9 |     3 |     7 |    22 ||    62
       Lamp of fire      |       |       |       |       |       |     1 |       |     2 |     4 ||     7
       Fan of gales      |       |       |       |       |       |       |       |       |     1 ||     1
  Use: Scroll            |     5 |     1 |    16 |     9 |    13 |    19 |     4 |    12 |    83 ||   162
       Potion            |       |     1 |     3 |     2 |     1 |     3 |     2 |       |    35 ||    47
 Stab: Sleeping          |     2 |       |     3 |       |       |       |       |       |       ||     5
       Held in net/web   |       |       |       |     2 |       |       |     1 |       |       ||     3
       Petrified         |       |       |       |       |     4 |       |       |       |       ||     4
       Confused          |       |       |       |       |     3 |       |     2 |       |       ||     5
       Petrifying        |       |       |       |       |     1 |       |       |       |       ||     1
       Distracted        |       |       |       |       |       |       |       |       |     5 ||     5
       Invisible         |       |       |       |       |       |       |       |       |     3 ||     3
  Eat: Chunk             |     2 |     7 |     7 |    20 |    35 |    17 |    26 |    24 |    69 ||   207
       Royal jelly       |       |       |     2 |     3 |     5 |     6 |     1 |     3 |    24 ||    44
       Bread ration      |       |       |     1 |       |       |       |       |       |       ||     1
       Meat ration       |       |       |       |       |       |       |       |       |     3 ||     3
Armor: Ring mail         |    70 |    16 |       |       |       |       |       |       |       ||    86
       Robe              |     1 |       |       |       |       |       |       |       |       ||     1
       Scale mail        |       |    87 |    16 |       |       |       |       |       |       ||   103
       Leather armour    |       |       |    38 |       |       |       |       |       |       ||    38
       Plate armour      |       |       |   104 |   311 |   145 |   160 |       |       |       ||   720
       Skin              |       |       |       |    38 |       |       |       |       |       ||    38
       Chain mail        |       |       |       |       |   471 |       |       |       |       ||   471
       Acid dragon scale |       |       |       |       |     1 |       |       |       |       ||     1
       Gold dragon scale |       |       |       |       |       |   211 |   661 |   559 |  3905 ||  5336
Dodge: Dodged            |    96 |    90 |   118 |   111 |   301 |   201 |   430 |   777 |  3764 ||  5888
Block: Buckler           |       |       |       |    83 |   106 |       |       |       |       ||   189
       Shield            |       |       |       |       |   580 |   676 |   915 |  1179 |  1353 ||  4703
       Large shield      |       |       |       |       |       |    23 |   906 |   567 |  4329 ||  5825
       Reflection        |       |       |       |       |       |    26 |   139 |    90 |   113 ||   368
       Other             |       |       |       |       |       |       |       |       |   277 ||   277

Inventory:

Hand Weapons
 a - a +9 eveningstar of holy wrath (weapon)
   (You acquired it on level 15 of the Dungeon)
 b - a +5 eveningstar of flaming
   (You subdued it on level 2 of the Elven Halls)
Missiles
 H - 8 throwing nets (quivered) {!f}
Armour
 h - the +2 cloak "Kusk" (worn) {Str+4 Int-2}
   (You found it on level 3 of the Vaults)

   It affects your strength (+4).
   It affects your intelligence (-2).
 i - +12 gold dragon scales (worn) {23 rF+ rC+ rPois}
   (You found it in a wizard's laboratory)
 C - the +2 hat of the Bear Spirit (worn) {Spirit, +Rage rN+ MR++}
   (You found it on level 3 of the Lair of Beasts)

   It protects you from negative energy.
   It affects your resistance to hostile enchantments.
   It lets you go berserk.
 G - the +0 pair of gloves of Ziffawka (worn) {rElec rN++ Str+8 Stlth-}
   (You found it in a wizard's laboratory)

   It affects your strength (+8).
   It insulates you from electricity.
   It greatly protects you from negative energy.
   It makes you less stealthy.
 S - the +1 pair of boots of Honour (worn) {god gift, *Slow Dex+10}
   (Okawaru gifted it to you on level 4 of the Shoals)

   It affects your dexterity (+10).
   It may slow you when you take damage.
 U - a +6 large shield of positive energy (worn) {rN+}
   (You took it off Louise on level 4 of the Shoals)
Jewellery
 E - the ring of Mirth (right hand) {rC++ MR+ Str+2 Int+4 Stlth-}
   (You took it off a balrug in Pandemonium)

   [ring of protection from magic]

   It affects your strength (+2).
   It affects your intelligence (+4).
   It greatly protects you from cold.
   It affects your resistance to hostile enchantments.
   It makes you less stealthy.
 L - the ring "Xyobbump" {rPois rF+ rC++ Str+2 Slay-4}
   (You found it on level 12 of a ziggurat)

   [ring of poison resistance]

   It affects your strength (+2).
   It affects your accuracy and damage with ranged weapons and melee attacks
   (-4).
   It protects you from fire.
   It greatly protects you from cold.
   It protects you from poison.
 M - a +3 amulet of reflection (around neck)
   (You took it off a deep elf mage on level 2 of the Elven Halls)
 Y - the ring of Mozed (left hand) {rCorr Str+4 Int+4 Dex+3 Slay+2}
   (You found it on level 11 of a ziggurat)

   [ring of resist corrosion]

   It affects your strength (+4).
   It affects your intelligence (+4).
   It affects your dexterity (+3).
   It affects your accuracy and damage with ranged weapons and melee attacks
   (+2).
Wands
 c - a wand of clouds (5)
   (You took it off a red devil in Pandemonium)
 d - a wand of digging (77)
   (You took it off Crazy Yiuf on level 2 of the Dungeon)
 v - a wand of acid (43)
   (You found it on level 7 of the Dungeon)
Scrolls
 f - 10 scrolls of fog {!r}
 n - 2 scrolls of immolation
 o - 3 scrolls of torment {!r}
 r - 41 scrolls of identify
 s - 53 scrolls of remove curse
 t - 20 scrolls of teleportation {!r}
 x - 10 scrolls of fear {!r}
 y - 8 scrolls of magic mapping {!r}
 Q - 5 scrolls of holy word
 T - 12 scrolls of blinking
 W - 8 scrolls of silence
 X - 3 scrolls of summoning
Potions
 g - 10 potions of magic
 k - 6 potions of brilliance
 l - a potion of haste
 q - 24 potions of heal wounds
 w - 34 potions of curing
 z - 3 potions of might
 A - 2 potions of ambrosia
 B - a potion of agility
 D - 3 potions of invisibility
 N - 10 potions of cancellation
 R - 5 potions of berserk rage {!q}
 Z - 2 potions of resistance {rF+ rC+}
Miscellaneous
 j - a lamp of fire
   (You found it on level 3 of the Elven Halls)
 p - 7 phantom mirrors
 J - a fan of gales
   (You found it on level 6 of the Lair of Beasts)
Comestibles
 e - 35 meat rations

Dungeon Overview and Level Annotations

Branches:
Dungeon (15/15)            Temple (1/1) D:5            Lair (6/6) D:11
 Shoals (4/4) Lair:3        Snake (4/4) Lair:2        Slime (5/5) Lair:6
    Orc (2/2) D:12            Elf (3/3) Orc:2        Vaults (5/5) D:13
  Crypt (3/3) Vaults:2       Tomb (0/3) Crypt:3      Depths (5/5) D:15
    Zot (5/5) Depths:5

Altars:
Ashenzari
Cheibriados
Dithmenos
Elyvilon
Fedhas
Gozag
Hepliaklqana
Kikubaaqudgha
Makhleb
Nemelex Xobeh
Okawaru
Qazlal
Ru
Sif Muna
Trog
Uskayaw
Vehumet
Wu Jian
Xom
Yredelemnul
Zin
The Shining One
Beogh

Shops:
Orc:2 !:?[   Elf:3 [   Shoals:1 }   Vaults:2 %   Vaults:5 [:?}   Depths:2 !

Portals:
Hell: Depths:1 Depths:2 Depths:3 Depths:4 Depths:5
Abyss: Depths:3 Depths:4
Pandemonium: Depths:1 Depths:3 Depths:5

Annotations:
D:13 1 transporter
Lair:2 exclusion: oklob plant
Lair:4 exclusion: oklob plant
Elf:2 2 runed doors You escaped. You worshipped Makhleb. Makhleb was exalted by your worship. You were not hungry. You visited 12 branches of the dungeon, and saw 58 of its levels. You visited Pandemonium 2 times, and saw 15 of its levels. You visited the
Abyss 2 times. You visited 1 bazaar. You visited 1 ziggurat, and saw 12 of its levels. You also visited: Labyrinth, Ossuary, Ice Cave and Wizlab. You collected 10202 gold pieces. You spent 4734 gold pieces at shops.


Message History

A reaper comes into view. It is wielding a scythe of pain.
You block the reaper's attack.
You puncture the reaper!
The reaper convulses!
You perforate the reaper like a sieve!!!
The reaper convulses!!!
You kill the reaper!
Makhleb accepts your kill.
No target in view!
No target in view!
(D) Dungeon (T) Temple (L) Lair (A) Shoals (P) Snake Pit (M) Slime Pits (O) Orcish Mines (E) Elven Halls (V) Vaults (C) Crypt (W) Tomb (U) Depths (H) Hell (Z) Zot
Where to? (Enter - D:1 @ (x,y), ? - help)
You see here 20 bolts.
You see here a short sword.
There is an open door here.
A crimson imp comes into view.
The crimson imp shouts!
The crimson imp moves out of view.
Unknown command.
Unknown command.
Unknown command.
Unknown command.
Unknown command.
Unknown command.
Unknown command.
Unknown command.
Unknown command.
The crimson imp completely misses you.
You beat the crimson imp like a drum!!!
You kill the crimson imp!
Makhleb accepts your kill.
You are suddenly yanked towards a nearby monster!
Your surroundings suddenly seem different.
An Orb Guardian comes into view.
A smoke demon comes into view.
You see here 4 fruits.
The rock shatters into small pieces.
You now have 33/36 mp.
You block the Orb Guardian's attack.
The Orb Guardian hits you but does no damage.
MP restored: 36 You block the Orb Guardian's attack.
An orange demon comes into view.
The orange demon screeches!
The Orb Guardian hits you!
There is an open door, spattered with blood here.
You see here a dagger of protection.
You take 13 damage, and have 132/145 hp.
You now have 32/36 mp.
The Orb Guardian hits you but does no damage.
There is a staircase leading out of the dungeon here.
You barely miss the Orb Guardian. You headbutt the Orb Guardian!!
The Orb Guardian hits you but does no damage.
You sock the Orb Guardian! You headbutt the Orb Guardian!
You block the Orb Guardian's attack.
You impale the Orb Guardian!!
You headbutt the Orb Guardian, but do no damage.
You block the orange demon's attack.
You impale the Orb Guardian!!
You kill the Orb Guardian!
Makhleb accepts your kill.
You feel better.
Health restored: 145 You block the orange demon's attack.
The orange demon closely misses you.
You bludgeon the orange demon!!
The orange demon convulses.
You block the orange demon's attack. x2
You barely miss the orange demon. You headbutt the orange demon.
The orange demon closely misses you. The orange demon misses you.
You bludgeon the orange demon!!
You kill the orange demon!
Makhleb accepts your kill. The smoke demon gestures at you.
Something smites you!
You take 13 damage, and have 132/145 hp.
You now have 30/36 mp.
The smoke demon gestures at you. The sticky flame hits you!
You are covered in liquid flames!
There is an open door, spattered with blood here.
You see here a dagger of protection.
Your gold dragon scales prevents you from hitting the smoke demon.
You headbutt the smoke demon!
You are covered in liquid flames!
You block the smoke demon's attack. x3
You closely miss the smoke demon. You headbutt the smoke demon.
You are covered in liquid flames!
You take 1 damage, and have 131/145 hp.
You sock the smoke demon!
The smoke demon convulses!
You kill the smoke demon!
Makhleb accepts your kill.
You feel better.
You are covered in liquid flames!
You regained 10 hp, and now have 141/145 hp.
No target in view!
No target in view!
You are covered in liquid flames!
There is a staircase leading out of the dungeon here.
You have escaped!

##'## ##>## ##'#####..
##...######...######.......%.
#.......................###..
#..⌠........⌠........⌠..# #..
#.......................# ##.
##...######...######...## ##
##### #####)##### ##### #
##.........## #..♣..@..♣..#
##.........## ###########


There were no monsters in sight!

Notes
Turn   | Place    | Note
-------+----------+-------------------------------------------
     0 | D:1      | theanonym the Gargoyle Monk began the quest for the Orb.
     0 | D:1      | Reached XP level 1. HP: 14/14 MP: 1/1
   221 | D:1      | Reached XP level 2. HP: 17/19 MP: 2/2
   761 | D:1      | Reached XP level 3. HP: 24/24 MP: 3/3
  1066 | D:2      | Reached skill level 4 in Maces & Flails
  1467 | D:2      | Reached skill level 4 in Fighting
  1526 | D:2      | Reached XP level 4. HP: 29/29 MP: 4/4
  1631 | D:2      | Noticed Sigmund
  2224 | D:3      | Reached XP level 5. HP: 22/34 MP: 5/5
  2647 | D:3      | Reached skill level 5 in Maces & Flails
  3213 | D:4      | Noticed Eustachio
  3594 | D:4      | Reached XP level 6. HP: 40/40 MP: 6/6
  3684 | D:4      | Reached skill level 5 in Fighting
  3776 | D:4      | Killed Eustachio
  3776 | D:4      | Reached skill level 6 in Maces & Flails
  3776 | D:4      | Reached XP level 7. HP: 42/44 MP: 7/7
  3861 | D:4      | Noticed Edmund
  3889 | D:4      | HP: 17/44 [Edmund/flail of crushing (8)]
  3892 | D:4      | Killed Edmund
  3892 | D:4      | Reached skill level 7 in Maces & Flails
  4310 | D:4      | Reached skill level 6 in Fighting
  4419 | D:5      | Entered Level 5 of the Dungeon
  4420 | D:5      | HP: 21/46 [ogre/giant club (25)]
  4493 | D:4      | HP: 3/46 [ogre/giant club (24)]
  4874 | D:2      | Killed Sigmund
  4943 | D:2      | Reached XP level 8. HP: 48/52 MP: 8/8
  5201 | D:2      | Reached skill level 8 in Maces & Flails
  5299 | D:2      | Found a runed door.
  5303 | D:2      | Noticed Crazy Yiuf
  5310 | D:2      | Killed Crazy Yiuf
  5995 | D:5      | Found a staircase to the Ecumenical Temple.
  6003 | Temple   | Entered the Ecumenical Temple
  6090 | Temple   | Became a worshipper of Warmaster Okawaru
  6090 | Temple   | Reached * piety under Okawaru
  6090 | Temple   | Reached ** piety under Okawaru
  6242 | D:5      | Reached skill level 7 in Fighting
  6242 | D:5      | Reached skill level 1 in Invocations
  6294 | D:6      | Identified a scroll of acquirement
  6295 | D:6      | Got a warped morningstar
  6296 | D:6      | Identified the +6 morningstar "Cilih" {crush, rF++ Dex+3} (You acquired it on level 6 of the Dungeon)
  6328 | D:6      | Noticed Prince Ribbit
  6335 | D:6      | Noticed Blork the orc
  6342 | D:6      | Killed Blork the orc
  6346 | D:6      | Killed Prince Ribbit
  6346 | D:6      | Reached skill level 9 in Maces & Flails
  6346 | D:6      | Reached skill level 2 in Invocations
  6390 | D:6      | Found a sand-covered staircase.
  6394 | Ossuary  | Entered an ossuary
  6394 | Ossuary  | Noticed a wraith
  6394 | Ossuary  | Noticed a wraith
  6394 | Ossuary  | Noticed a wraith
  6430 | Ossuary  | Noticed Daviar's ghost (amateur BaFi)
  6443 | Ossuary  | Killed Daviar's ghost
  6443 | Ossuary  | Reached skill level 3 in Invocations
  6443 | Ossuary  | Reached XP level 9. HP: 47/58 MP: 9/11
  6484 | Ossuary  | Reached *** piety under Okawaru
  6809 | D:6      | Learned a level 2 spell: Passwall
  6815 | D:6      | Learned a level 5 spell: Lee's Rapid Deconstruction
  6839 | D:6      | Reached skill level 8 in Fighting
  7329 | D:7      | Noticed Caerun's ghost (novice GrFi)
  7329 | D:7      | Reached skill level 10 in Maces & Flails
  7355 | D:7      | Killed Caerun's ghost
  7355 | D:7      | Reached skill level 4 in Invocations
  7451 | D:7      | HP: 30/60 [electric eel/bolt of electricity (2)]
  7453 | D:7      | HP: 14/60 [electric eel/bolt of electricity (3)]
  8149 | D:7      | Reached **** piety under Okawaru
  8256 | D:7      | Reached skill level 5 in Invocations
  8516 | D:7      | Reached skill level 1 in Shields
  8527 | D:7      | Reached XP level 10. HP: 38/65 MP: 13/13
  8719 | D:8      | Noticed Grum
  8748 | D:7      | Killed Grum
  8748 | D:7      | Reached skill level 11 in Maces & Flails
  8749 | D:7      | Reached skill level 9 in Fighting
  8749 | D:7      | Reached skill level 2 in Shields
  8783 | D:8      | Noticed a two-headed ogre
  8996 | D:8      | Found a shadowy altar of Dithmenos.
  9206 | D:8      | Killed a two-headed ogre
  9206 | D:8      | Reached skill level 3 in Shields
  9291 | D:8      | Found a glowing golden altar of the Shining One.
  9709 | D:9      | Reached skill level 4 in Shields
 10074 | D:10     | Entered Level 10 of the Dungeon
 10112 | D:10     | Noticed Sonja
 10129 | D:10     | Paralysed by Sonja for 6 turns
 10144 | D:10     | Killed Sonja
 10144 | D:10     | Reached skill level 12 in Maces & Flails
 10162 | D:10     | Reached skill level 10 in Fighting
 10246 | D:10     | Reached ***** piety under Okawaru
 10313 | D:10     | Reached XP level 11. HP: 70/72 MP: 12/14
 10444 | D:10     | Noticed Nergalle
 10464 | D:10     | Killed Nergalle
 10512 | D:10     | Found an ornate altar of the Wu Jian Council.
 11164 | D:11     | Noticed a two-headed ogre
 11169 | D:11     | Killed a two-headed ogre
 11169 | D:11     | Reached skill level 13 in Maces & Flails
 11600 | D:11     | Noticed a two-headed ogre
 11608 | D:11     | Killed a two-headed ogre
 11678 | D:11     | Noticed Erolcha
 11690 | D:11     | Killed Erolcha
 11690 | D:11     | Reached skill level 11 in Fighting
 12140 | D:11     | Received a gift from Okawaru
 12140 | D:11     | Reached skill level 14 in Maces & Flails
 12141 | D:11     | Got a slimy chain mail {god gift}
 12152 | D:11     | Identified the +0 chain mail of Culoeshra {god gift, -Tele rN++ MR++} (Okawaru gifted it to you on level 11 of the Dungeon)
 12209 | D:11     | Reached skill level 1 in Armour
 12240 | D:11     | Reached ****** piety under Okawaru
 12303 | D:11     | Reached skill level 2 in Armour
 12486 | D:11     | Found a staircase to the Lair.
 12668 | D:11     | Reached XP level 12. HP: 80/80 MP: 15/15
 13041 | D:12     | Reached skill level 3 in Armour
 13757 | D:12     | Found a staircase to the Orcish Mines.
 13782 | Orc:1    | Entered Level 1 of the Orcish Mines
 13820 | Orc:1    | Noticed a two-headed ogre
 13827 | Orc:1    | Reached skill level 12 in Fighting
 13827 | Orc:1    | Reached skill level 4 in Armour
 13830 | Orc:1    | Killed a two-headed ogre
 14088 | Lair:1   | Entered Level 1 of the Lair of Beasts
 14206 | Lair:1   | Reached skill level 15 in Maces & Flails
 14408 | Lair:1   | Reached skill level 5 in Armour
 14424 | Lair:1   | Noticed Gastronok
 14441 | Lair:1   | Noticed a four-headed hydra
 14446 | Lair:1   | Killed Gastronok
 14451 | Lair:1   | Killed a four-headed hydra
 14941 | Lair:2   | Received a gift from Okawaru
 15010 | Lair:2   | Reached XP level 13. HP: 83/87 MP: 15/17
 15162 | Lair:2   | Found a staircase to the Snake Pit.
 15198 | Lair:2   | Reached skill level 6 in Invocations
 15479 | Lair:2   | Found a blossoming altar of Fedhas.
 16015 | Lair:3   | Found a labyrinth entrance.
 16023 | Lab      | Entered a labyrinth
 16537 | Lab      | Noticed a minotaur
 16547 | Lab      | Killed a minotaur
 16554 | Lab      | Got a scorched marble ring
 16555 | Lab      | Identified the ring "Jaus" {rN+ Int+2} (You found it in a labyrinth)
 16602 | Lab      | Learned a level 3 spell: Regeneration
 16805 | Lair:3   | Reached skill level 16 in Maces & Flails
 16807 | Lair:3   | Reached skill level 13 in Fighting
 17027 | Lair:3   | Found a staircase to the Shoals.
 17043 | Lair:3   | Reached skill level 7 in Invocations
 17098 | Lair:3   | Noticed Snorg
 17123 | Lair:3   | Killed Snorg
 17205 | Lair:3   | Found the +2 hat of the Bear Spirit {Spirit, +Rage rN+ MR++}
 17356 | Lair:3   | Reached skill level 6 in Armour
 17372 | Lair:3   | Received a gift from Okawaru
 17377 | Lair:3   | HP: 44/88 [crocodile (6)]
 17641 | Lair:3   | Noticed Urug
 17651 | Lair:3   | Killed Urug
 17651 | Lair:3   | Received a gift from Okawaru
 17932 | Lair:3   | Reached skill level 8 in Invocations
 18137 | Lair:4   | Got a flickering lead amulet
 18429 | Lair:4   | Reached skill level 7 in Armour
 18429 | Lair:4   | Reached skill level 3 in Dodging
 18481 | Lair:4   | Identified the amulet "Piryo" {+Rage rN+} (You found it on level 4 of the Lair of Beasts)
 18521 | Lair:4   | Got a faintly glowing iron ring
 19532 | Lair:5   | Received a gift from Okawaru
 19532 | Lair:5   | Reached skill level 5 in Shields
 19543 | Lair:5   | Gained mutation: Your large and strong wings let you fly indefinitely. [Gargoyle growth]
 19543 | Lair:5   | Reached XP level 14. HP: 89/95 MP: 20/20
 19950 | Lair:5   | Reached skill level 14 in Fighting
 19950 | Lair:5   | Reached skill level 6 in Shields
 20069 | Lair:5   | Noticed an entropy weaver
 20070 | Lair:5   | Noticed an entropy weaver
 20090 | Lair:5   | Killed an entropy weaver
 20103 | Lair:5   | Killed an entropy weaver
 20103 | Lair:5   | Reached skill level 7 in Shields
 20517 | Lair:6   | Entered Level 6 of the Lair of Beasts
 20569 | Lair:6   | Received a gift from Okawaru
 20654 | Lair:6   | Identified the ring "Deugra" {-Tele +Fly rElec rC+++ Int+4} (You found it on level 4 of the Lair of Beasts)
 20750 | Lair:6   | Reached skill level 8 in Shields
 20888 | Lair:6   | Found a staircase to the Slime Pits.
 21325 | Lair:6   | Reached skill level 9 in Shields
 22522 | Lair:6   | Noticed a dire elephant
 22535 | Lair:6   | Killed a dire elephant
 22662 | Lair:6   | Noticed a dire elephant
 22671 | Lair:6   | Killed a dire elephant
 22671 | Lair:6   | Reached skill level 10 in Shields
 22784 | Lair:6   | Noticed a dire elephant
 22794 | Lair:6   | Killed a dire elephant
 22846 | Lair:6   | Noticed a dire elephant
 22872 | Lair:6   | Noticed a dire elephant
 22882 | Lair:6   | Killed a dire elephant
 22890 | Lair:6   | Killed a dire elephant
 23051 | Lair:6   | Received a gift from Okawaru
 23051 | Lair:6   | Reached skill level 15 in Fighting
 23052 | Lair:6   | Got a translucent great mace {god gift}
 23346 | Orc:2    | Entered Level 2 of the Orcish Mines
 23347 | Orc:2    | Found a staircase to the Elven Halls.
 23471 | Orc:2    | Reached skill level 11 in Shields
 23500 | Orc:2    | Reached XP level 15. HP: 94/103 MP: 18/21
 23827 | Orc:2    | Noticed Azrael
 23827 | Orc:2    | Noticed an orc warlord
 23873 | Orc:2    | Killed an orc warlord
 23903 | Orc:2    | Killed Azrael
 24402 | Orc:1    | Reached skill level 12 in Shields
 24415 | Orc:1    | HP: 50/103 [orc warrior/halberd[an orc high priest] (8)]
 24421 | Orc:2    | HP: 46/103 [orc warrior/dire flail (4)]
 24804 | Orc:2    | Found an ancient bone altar of Kikubaaqudgha.
 24818 | Orc:2    | Found Peucus's Antique Armour Shop.
 24819 | Orc:2    | Noticed Maurice
 24824 | Orc:2    | Killed Maurice
 24849 | Orc:2    | Received a gift from Okawaru
 24856 | Orc:2    | Found a roughly hewn altar of Beogh.
 24856 | Orc:2    | Found Taselufa's Magic Scroll Shop.
 24993 | Orc:1    | Identified the +1 great mace "Gaodemuh" {god gift, flame, rN+} (Okawaru gifted it to you on level 6 of the Lair of Beasts)
 25101 | Orc:2    | Found Wiziti's Book Boutique.
 25114 | Orc:2    | Found Dipt's Distillery.
 25117 | Orc:2    | Bought a scroll of blinking for 112 gold pieces
 25117 | Orc:2    | Bought a scroll of identify for 30 gold pieces
 25125 | Orc:2    | Bought a potion of heal wounds for 80 gold pieces
 25149 | Orc:2    | Found a radiant altar of Vehumet.
 25284 | Orc:2    | Bought a scroll of blinking for 112 gold pieces
 25284 | Orc:2    | Bought a scroll of blinking for 112 gold pieces
 25284 | Orc:2    | Bought a scroll of fear for 52 gold pieces
 25291 | Orc:2    | Bought a potion of might for 64 gold pieces
 25291 | Orc:2    | Bought a potion of might for 64 gold pieces
 25535 | D:13     | Found a sparkling altar of Nemelex Xobeh.
 25537 | D:13     | Found a transporter.
 25832 | D:13     | Found a gate to the Vaults.
 25842 | D:13     | Reached skill level 13 in Shields
 27042 | D:14     | Reached skill level 16 in Fighting
 27372 | D:15     | Entered Level 15 of the Dungeon
 27452 | D:15     | Received a gift from Okawaru
 27630 | D:15     | Noticed Roxanne
 27658 | D:15     | Killed Roxanne
 27774 | D:15     | Found a staircase to the Depths.
 27780 | D:15     | Reached skill level 14 in Shields
 28406 | Elf:1    | Entered Level 1 of the Elven Halls
 28491 | Elf:1    | Reached XP level 16. HP: 111/111 MP: 22/22
 28528 | Elf:1    | Received a gift from Okawaru
 28544 | Elf:1    | Found a frozen archway.
 28557 | IceCv    | Entered an ice cave
 28922 | IceCv    | Reached skill level 15 in Shields
 28931 | IceCv    | HP: 47/111 [blizzard demon/bolt of cold (12)]
 29717 | Elf:1    | Reached skill level 4 in Dodging
 29784 | Elf:1    | Reached skill level 8 in Armour
 30210 | Elf:1    | Reached skill level 17 in Fighting
 30223 | Elf:1    | Received a gift from Okawaru
 30507 | Elf:1    | Reached skill level 5 in Dodging
 30810 | Elf:2    | Reached skill level 9 in Armour
 30859 | Elf:2    | Found a magical portal.
 30873 | WizLab   | Entered Doroklohe's Tomb
 31093 | WizLab   | Got a pair of distressingly furry gloves
 31094 | WizLab   | Identified the +0 pair of gloves of Ziffawka {rElec rN++ Str+8 Stlth-} (You found it in a wizard's laboratory)
 31153 | WizLab   | Noticed a greater mummy
 31171 | WizLab   | Killed a greater mummy
 31171 | WizLab   | HP: 50/112 [torment (8)]
 31182 | WizLab   | Received a gift from Okawaru
 31182 | WizLab   | HP: 47/112 [torment (6)]
 31182 | WizLab   | Reached skill level 9 in Invocations
 31187 | WizLab   | HP: 54/112 [??? (10)]
 31192 | WizLab   | Reached XP level 17. HP: 58/118 MP: 7/23
 31200 | WizLab   | Got a crystal demon whip {god gift}
 31201 | WizLab   | Identified the +8 demon whip "Jacuesk" {god gift, elec, -Tele rN++ MR+} (Okawaru gifted it to you in a wizard's laboratory)
 31209 | WizLab   | HP: 55/118 [guardian mummy's death curse (6)]
 31731 | Elf:2    | Reached skill level 10 in Armour
 31733 | Elf:2    | Found a large runed door.
 31733 | Elf:2    | Found a large runed door.
 31761 | Elf:2    | Found a large runed door.
 31761 | Elf:2    | Found a large runed door.
 32285 | Elf:2    | Reached skill level 10 in Invocations
 32418 | Elf:2    | Received a gift from Okawaru
 32421 | Elf:2    | Noticed Donald
 32423 | Elf:2    | Reached skill level 18 in Fighting
 32440 | Elf:2    | Killed Donald
 32474 | Elf:2    | Reached skill level 11 in Armour
 32803 | Elf:3    | Entered Level 3 of the Elven Halls
 32829 | Elf:3    | Found Vuemuit's Armour Shoppe.
 33353 | Elf:3    | Reached skill level 6 in Dodging
 33427 | Elf:3    | Noticed a deep elf master archer
 33431 | Elf:3    | Killed a deep elf master archer
 33439 | Elf:3    | Noticed a deep elf master archer
 33445 | Elf:3    | Killed a deep elf master archer
 33447 | Elf:3    | Noticed a deep elf blademaster
 33454 | Elf:3    | Killed a deep elf blademaster
 33631 | Elf:3    | Received a gift from Okawaru
 33671 | Elf:3    | Reached skill level 12 in Armour
 33735 | Elf:3    | Reached XP level 18. HP: 126/126 MP: 22/25
 33786 | Elf:3    | HP: 61/126 [acid (11)]
 33793 | Elf:3    | Reached skill level 7 in Dodging
 34091 | Elf:3    | Learned a level 2 spell: Swiftness
 34144 | Elf:3    | Received a gift from Okawaru
 34149 | Elf:3    | Noticed a deep elf blademaster
 34156 | Elf:3    | Killed a deep elf blademaster
 34169 | Elf:3    | Identified a +2 pair of boots of running {god gift} (Okawaru gifted it to you on level 3 of the Elven Halls)
 34231 | Elf:3    | Found the +9 heavy crossbow "Sniper" {velocity, Acc+∞ SInv}
 34264 | Elf:3    | Reached skill level 19 in Fighting
 34266 | Elf:3    | Noticed a deep elf blademaster
 34275 | Elf:3    | Killed a deep elf blademaster
 34286 | Elf:3    | HP: 64/128 [deep elf sorcerer/bolt of acid (6)]
 34386 | Elf:3    | Got a pair of translucent gloves
 34387 | Elf:3    | Identified the +1 pair of gloves of Infinity {Str+4 Stlth-} (You found it on level 3 of the Elven Halls)
 34735 | Snake:1  | Entered Level 1 of the Snake Pit
 34812 | Snake:1  | Identified Advanced Steps in Rites and Rhymes
 34830 | Snake:1  | Learned a level 5 spell: Aura of Abjuration
 34968 | Snake:1  | Reached skill level 8 in Dodging
 34976 | Snake:1  | Reached skill level 13 in Armour
 35679 | Snake:1  | Noticed Frances
 35690 | Snake:1  | Killed Frances
 35690 | Snake:1  | Received a gift from Okawaru
 37056 | Snake:3  | Received a gift from Okawaru
 37056 | Snake:3  | Reached skill level 9 in Dodging
 37056 | Snake:3  | Reached XP level 19. HP: 133/133 MP: 26/26
 37695 | Snake:4  | Entered Level 4 of the Snake Pit
 37705 | Snake:4  | Reached skill level 14 in Armour
 38034 | Snake:4  | Reached skill level 20 in Fighting
 38173 | Snake:4  | Reached skill level 10 in Dodging
 38189 | Snake:4  | Received a gift from Okawaru
 38388 | Snake:4  | Reached skill level 15 in Armour
 38424 | Snake:4  | HP: 56/136 [shock serpent/electric aura (13)]
 38429 | Snake:4  | HP: 51/136 [shock serpent/bolt of electricity (3)]
 38798 | Snake:4  | Got a serpentine rune of Zot
 38912 | Snake:4  | Received a gift from Okawaru
 39081 | Snake:4  | Reached XP level 20. HP: 130/142 MP: 24/27
 39089 | Snake:4  | Received a gift from Okawaru
 39090 | Snake:4  | Identified the scarf "Hotipud" {god gift, rC+} (Okawaru gifted it to you on level 4 of the Snake Pit)
 39371 | Shoals:1 | Entered Level 1 of the Shoals
 39901 | Shoals:1 | Found Kapezoi's Gadget Emporium.
 40118 | Shoals:2 | Reached skill level 11 in Dodging
 40734 | Shoals:2 | Reached skill level 21 in Fighting
 41962 | Shoals:4 | Entered Level 4 of the Shoals
 41962 | Shoals:4 | Noticed Ilsuiw
 41964 | Shoals:4 | Noticed Polyphemus
 42097 | Shoals:4 | Identified Zuixu's Compendium of Attacks and Flames
 42119 | Shoals:4 | Received a gift from Okawaru
 42120 | Shoals:4 | Identified the +1 pair of boots of Honour {god gift, *Slow Dex+10} (Okawaru gifted it to you on level 4 of the Shoals)
 42207 | Shoals:4 | Killed Ilsuiw
 42329 | Shoals:4 | Reached skill level 12 in Dodging
 42350 | Shoals:4 | Noticed Mara
 42393 | Shoals:4 | Killed Mara
 42504 | Shoals:4 | Killed Polyphemus
 42693 | Shoals:4 | Noticed Louise
 42706 | Shoals:4 | Killed Louise
 43132 | Shoals:4 | Reached skill level 22 in Fighting
 43132 | Shoals:4 | Reached XP level 21. HP: 96/151 MP: 20/28
 43341 | Shoals:4 | Got a barnacled rune of Zot
 43634 | Vaults:1 | Entered Level 1 of the Vaults
 43835 | Vaults:1 | Received a gift from Okawaru
 43906 | Vaults:1 | Reached skill level 13 in Dodging
 44483 | Vaults:1 | Noticed Nikola
 44497 | Vaults:1 | Killed Nikola
 44684 | Vaults:1 | Noticed Jorgrun
 44695 | Vaults:1 | Killed Jorgrun
 45377 | Vaults:2 | Reached skill level 14 in Dodging
 45379 | Vaults:2 | HP: 74/152 [deep troll[an ironheart preserver] (3)]
 45390 | Vaults:2 | HP: 59/152 [yaktaur (14)]
 45391 | Vaults:2 | Reached skill level 23 in Fighting
 45396 | Vaults:2 | HP: 59/153 [ironbrand convoker/dire flail (1)]
 45411 | Vaults:2 | HP: 46/153 [yaktaur (9)]
 45414 | Vaults:2 | HP: 20/153 [vault warden/glaive (23)]
 45761 | Vaults:2 | Noticed a bone dragon
 45771 | Vaults:2 | Killed a bone dragon
 45772 | Vaults:2 | Found a staircase to the Crypt.
 45977 | Vaults:2 | Received a gift from Okawaru
 46103 | Vaults:2 | Reached XP level 22. HP: 160/160 MP: 29/29
 46164 | Vaults:2 | Found Ximewn's Food Emporium.
 46582 | Vaults:3 | Learned a level 4 spell: Control Undead
 46691 | Vaults:3 | Found a flickering gateway to a bazaar.
 46707 | Bazaar   | Entered a bazaar
 46710 | Bazaar   | Found Feggein's Jewellery Emporium.
 46718 | Bazaar   | Found Bomuk's Distillery.
 46726 | Bazaar   | Bought a potion of cancellation for 72 gold pieces
 46726 | Bazaar   | Bought a potion of heal wounds for 45 gold pieces
 46726 | Bazaar   | Bought a potion of heal wounds for 45 gold pieces
 46726 | Bazaar   | Bought a potion of heal wounds for 45 gold pieces
 46726 | Bazaar   | Bought a potion of mutation for 72 gold pieces
 46759 | Bazaar   | Found Tetufub's Weapon Shoppe.
 46767 | Bazaar   | Found Fuojonwae's Book Shop.
 46775 | Bazaar   | Bought a book of Spatial Translocations for 1105 gold pieces
 46824 | Bazaar   | Bought a potion of curing for 27 gold pieces
 46824 | Bazaar   | Bought a potion of curing for 27 gold pieces
 46824 | Bazaar   | Bought a potion of might for 36 gold pieces
 46824 | Bazaar   | Bought a potion of curing for 27 gold pieces
 46952 | Vaults:3 | Identified the +2 cloak "Kusk" {Str+4 Int-2} (You found it on level 3 of the Vaults)
 47565 | Vaults:3 | Reached skill level 15 in Dodging
 47980 | Vaults:3 | Reached skill level 1 in Spellcasting
 47980 | Vaults:3 | Reached skill level 1 in Charms
 47994 | Vaults:4 | Reached skill level 1 in Necromancy
 48047 | Vaults:4 | Received a gift from Okawaru
 48250 | Vaults:4 | Reached skill level 2 in Spellcasting
 48250 | Vaults:4 | Reached skill level 2 in Charms
 48344 | Vaults:4 | Reached skill level 2 in Necromancy
 48383 | Vaults:4 | Noticed Margery
 48402 | Vaults:4 | Noticed Aizul
 48410 | Vaults:4 | Killed Margery
 48436 | Vaults:4 | Killed Aizul
 48638 | Vaults:4 | Reached skill level 3 in Charms
 48657 | Vaults:4 | Reached skill level 3 in Spellcasting
 48704 | Vaults:4 | Reached skill level 24 in Fighting
 48823 | Vaults:4 | Reached skill level 3 in Necromancy
 49209 | Vaults:4 | Reached skill level 4 in Charms
 49237 | Vaults:4 | Reached skill level 4 in Spellcasting
 49372 | Vaults:4 | Received a gift from Okawaru
 49372 | Vaults:4 | Reached XP level 23. HP: 167/167 MP: 30/30
 49825 | Depths:1 | Entered Level 1 of the Depths
 49840 | Depths:1 | Found a one-way gate leading to the halls of Pandemonium.
 49985 | Depths:1 | Reached skill level 4 in Necromancy
 50006 | Depths:1 | Found a gateway to Hell.
 50098 | Depths:1 | HP: 83/167 [spark wasp (4)]
 50113 | Depths:1 | HP: 79/167 [fire giant/fireball (6)]
 50114 | Depths:1 | Reached skill level 5 in Charms
 50126 | Depths:1 | Reached skill level 5 in Spellcasting
 50170 | Depths:1 | HP: 83/167 [frost giant/bolt of cold (14)]
 50379 | Depths:1 | Identified the cursed +1 morningstar "Hiot Pifre" {flame, rC+} (You found it on level 1 of the Depths)
 50589 | Depths:1 | Reached skill level 5 in Necromancy
 50956 | Depths:1 | Reached skill level 6 in Charms
 51401 | Depths:2 | HP: 80/168 [fire giant (illusionary)/great sword of flaming (8)]
 51410 | Depths:2 | HP: 76/168 [purple very ugly thing (7)]
 51679 | Depths:2 | Received a gift from Okawaru
 51761 | Depths:2 | Found Zaqihut's Distillery.
 51779 | Depths:2 | Reached skill level 6 in Necromancy
 51792 | Depths:2 | Received a gift from Okawaru
 51793 | Depths:2 | Identified the +0 pair of gloves of Peptaquu {god gift, MR+ Dex+2} (Okawaru gifted it to you on level 2 of the Depths)
 51835 | Depths:2 | Reached skill level 7 in Charms
 51966 | Depths:2 | Bought a potion of curing for 66 gold pieces
 51966 | Depths:2 | Bought a potion of curing for 66 gold pieces
 51966 | Depths:2 | Bought 2 potions of heal wounds for 220 gold pieces
 51966 | Depths:2 | Bought a potion of cancellation for 176 gold pieces
 51966 | Depths:2 | Bought a potion of curing for 66 gold pieces
 51966 | Depths:2 | Bought a potion of heal wounds for 110 gold pieces
 52267 | Depths:2 | Noticed a caustic shrike
 52697 | Depths:2 | Killed a caustic shrike
 52697 | Depths:2 | Reached skill level 7 in Necromancy
 52721 | Depths:2 | Reached skill level 8 in Charms
 52721 | Depths:2 | Reached XP level 24. HP: 175/175 MP: 30/30
 52867 | Depths:2 | theanonym: ??*slow
 52867 | Depths:2 | beem: *slow[1/2]: Randart property that has 1% chance to {slow} you whenever you take damage while worn. Ignores damage over time from poison. Replacement for *Confuse.
 52869 | Depths:2 | Received a gift from Okawaru
 53024 | Depths:3 | Reached skill level 25 in Fighting
 53051 | Depths:3 | Found a gateway to a ziggurat.
 53202 | Depths:3 | Reached skill level 8 in Necromancy
 53218 | Depths:3 | Reached skill level 9 in Charms
 53615 | Depths:3 | Found a one-way gate to the infinite horrors of the Abyss.
 54088 | Depths:4 | HP: 88/176 [deep elf high priest/divine providence (12)]
 54093 | Depths:4 | HP: 77/176 [vampire knight/enchanted war axe (6)]
 54102 | Depths:4 | HP: 52/176 [deep elf high priest (illusionary)/divine providence (9)]
 54441 | Depths:4 | Reached skill level 9 in Necromancy
 54477 | Depths:4 | Received a gift from Okawaru
 54477 | Depths:4 | Reached skill level 10 in Charms
 54478 | Depths:4 | Identified the +0 morningstar "Caun" {god gift, drain, Str+3} (Okawaru gifted it to you on level 4 of the Depths)
 54561 | Depths:4 | Paralysed by a floating eye for 3 turns
 54635 | Depths:4 | Paralysed by a floating eye for 2 turns
 54674 | Depths:4 | Reached skill level 10 in Necromancy
 54675 | Depths:4 | Paralysed by a floating eye for 3 turns
 54691 | Depths:4 | Received a gift from Okawaru
 54692 | Depths:4 | Paralysed by a floating eye for 3 turns
 54699 | Depths:4 | Reached XP level 25. HP: 135/183 MP: 19/30
 55757 | Depths:5 | Entered Level 5 of the Depths
 55884 | Depths:5 | Reached skill level 6 in Spellcasting
 56064 | Depths:5 | Received a gift from Okawaru
 56083 | Depths:5 | HP: 59/184 [lich/crystal spear (59)]
 56097 | Depths:5 | HP: 62/184 [tengu reaver/enchanted bardiche (3)]
 56363 | Depths:5 | Reached skill level 26 in Fighting
 56464 | Depths:5 | Reached skill level 7 in Spellcasting
 56464 | Depths:5 | Reached skill level 11 in Charms
 56613 | Depths:5 | Reached skill level 11 in Necromancy
 56805 | Depths:5 | Found a gate to the Realm of Zot.
 56832 | Depths:5 | Noticed a juggernaut
 56843 | Depths:5 | Killed a juggernaut
 56843 | Depths:5 | Reached skill level 8 in Spellcasting
 57035 | Depths:5 | Reached XP level 26. HP: 182/191 MP: 35/35
 57534 | Vaults:3 | Learned a level 2 spell: Blink
 57538 | Vaults:3 | Learned a level 3 spell: Lesser Beckoning
 57543 | Vaults:3 | Learned a level 4 spell: Passage of Golubria
 57552 | Vaults:3 | Learned a level 8 spell: Borgnjor's Revivification
 57684 | Vaults:5 | Entered Level 5 of the Vaults
 57711 | Vaults:5 | Received a gift from Okawaru
 57743 | Vaults:5 | Reached skill level 12 in Charms
 57780 | Vaults:5 | Reached skill level 9 in Spellcasting
 57880 | Vaults:5 | Found the +3 Elemental Staff {rElec rF++ rC++ MR++ AC+5}
 58011 | Vaults:5 | Reached skill level 12 in Necromancy
 58214 | Vaults:5 | Found the +8 orange crystal plate armour {Archmagi, Int+3 Clar}
 58239 | Vaults:5 | Got a silver rune of Zot
 58492 | Vaults:5 | Found Irue's Magic Scroll Shoppe.
 58498 | Vaults:5 | Bought 3 scrolls of identify for 78 gold pieces
 58498 | Vaults:5 | Bought a scroll of identify for 26 gold pieces
 58498 | Vaults:5 | Bought a scroll of summoning for 123 gold pieces
 58498 | Vaults:5 | Bought a scroll of identify for 26 gold pieces
 58498 | Vaults:5 | Bought a scroll of identify for 26 gold pieces
 58499 | Vaults:5 | Found Zojaehes's Book Shoppe.
 58540 | Vaults:5 | Found Cagistrue's Antique Armour Boutique.
 58560 | Vaults:5 | Received a gift from Okawaru
 58588 | Vaults:5 | Reached skill level 10 in Spellcasting
 58653 | Vaults:5 | Found Saepter's Gadget Shoppe.
 58713 | Vaults:5 | Bought a phantom mirror for 570 gold pieces
 58713 | Vaults:5 | Bought a phantom mirror for 570 gold pieces
 58727 | Vaults:5 | Reached skill level 13 in Charms
 59681 | Temple   | Fell from the grace of Okawaru
 59681 | Temple   | Became a worshipper of Makhleb the Destroyer
 59934 | Crypt:1  | Entered Level 1 of the Crypt
 60015 | Crypt:1  | Noticed Xtahua
 60066 | Crypt:1  | Killed Xtahua
 60074 | Crypt:1  | Reached XP level 27. HP: 193/197 MP: 37/37
 60350 | Crypt:1  | Upgraded the game from 0.21-a0-522-ga8338f0 to 0.21-a0-525-ga34b322
 60812 | Crypt:1  | Reached * piety under Makhleb
 61223 | Crypt:2  | Reached skill level 17 in Maces & Flails
 61358 | Crypt:2  | Noticed Boris
 61373 | Crypt:2  | Killed Boris
 61997 | Crypt:3  | Entered Level 3 of the Crypt
 62044 | Crypt:3  | Reached ** piety under Makhleb
 62196 | Crypt:3  | Found a staircase to the Tomb.
 62342 | Crypt:3  | Reached skill level 18 in Maces & Flails
 62410 | Crypt:3  | Identified Akluckep's Collected Works on the Entourage
 62828 | Crypt:3  | Reached *** piety under Makhleb
 62907 | Crypt:3  | HP: 94/197 [titan/bolt of lightning[the fury of Okawaru] (12)]
 62912 | Crypt:3  | HP: 83/197 [titan[the fury of Okawaru] (18)]
 62918 | Crypt:3  | HP: 84/197 [something (5)]
 63088 | Crypt:3  | Reached **** piety under Makhleb
 63153 | Crypt:3  | Identified the Incunabulum of the Quahog
 63388 | Crypt:3  | Reached skill level 19 in Maces & Flails
 63403 | Crypt:3  | Noticed Bai Suzhen
 63421 | Crypt:3  | Killed Bai Suzhen
 63448 | Crypt:3  | Got a glittering brass ring
 63533 | Crypt:3  | Identified the ring of Juydupu Xergh {Wiz rPois Slay+2} (You took it off a skeletal warrior on level 3 of the Crypt)
 64055 | Depths:3 | Voluntarily entered the Abyss.
 64259 | Abyss:1  | Noticed an ancient lich
 64264 | Abyss:1  | Killed an ancient lich
 64329 | Abyss:1  | Reached ***** piety under Makhleb
 64372 | Abyss:1  | Gained mutation: You tend to lose your temper in combat. [a shining eye]
 64373 | Abyss:1  | Gained mutation: Your magical capacity is low. (-10% MP) [a shining eye]
 64647 | Abyss:1  | Reached skill level 20 in Maces & Flails
 64804 | Abyss:2  | Found a corrupted altar of Lugonu.
 64994 | Abyss:3  | Gained mutation: You are clumsy. (Dex -2) [a neqoxec]
 65224 | Abyss:3  | Reached skill level 13 in Necromancy
 65435 | Abyss:3  | Gained mutation: Your body sometimes deteriorates upon taking damage. [a neqoxec]
 65481 | Abyss:3  | Reached skill level 11 in Invocations
 65518 | Abyss:3  | Paralysed by accursed screaming for 1 turns
 65583 | Abyss:3  | Reached ****** piety under Makhleb
 65596 | Abyss:3  | Found a corrupted altar of Lugonu.
 65616 | Abyss:3  | Got an abyssal rune of Zot
 65620 | Abyss:3  | Found a corrupted altar of Lugonu.
 65692 | Depths:3 | Escaped the Abyss
 65772 | Zig:1    | Entered Level 1 of a ziggurat
 65789 | Zig:2    | Entered Level 2 of a ziggurat
 65817 | Zig:3    | Entered Level 3 of a ziggurat
 65831 | Zig:3    | Reached skill level 1 in Translocations
 65847 | Zig:4    | Entered Level 4 of a ziggurat
 65927 | Zig:5    | Entered Level 5 of a ziggurat
 65951 | Zig:5    | Reached skill level 2 in Translocations
 66001 | Zig:6    | Entered Level 6 of a ziggurat
 66116 | Zig:6    | Reached skill level 13 in Invocations
 66119 | Zig:7    | Entered Level 7 of a ziggurat
 66186 | Zig:7    | Reached skill level 14 in Invocations
 66359 | Zig:8    | Entered Level 8 of a ziggurat
 66439 | Zig:8    | Identified the Guide on Freezing Venom
 66442 | Zig:8    | Identified Sif Muna's Collected Works on Boosting Execration
 66499 | Zig:9    | Entered Level 9 of a ziggurat
 66514 | Zig:9    | Noticed a greater mummy
 66548 | Zig:9    | Killed a greater mummy
 66548 | Zig:9    | Reached skill level 15 in Invocations
 66559 | Zig:9    | Was forgiven by Okawaru
 66664 | Zig:10   | Entered Level 10 of a ziggurat
 66694 | Zig:10   | HP: 95/197 [tarantella (10)]
 66729 | Zig:10   | Identified the Compendium of Glacial Glamour
 66851 | Zig:11   | Entered Level 11 of a ziggurat
 66862 | Zig:11   | Found the +12 glaive of Prune {chop}
 66862 | Zig:11   | Noticed a juggernaut
 66877 | Zig:11   | Killed a juggernaut
 66889 | Zig:11   | HP: 147/295 [troll (1)]
 66894 | Zig:11   | HP: 90/197 [orc sorcerer/bolt of fire (10)]
 66899 | Zig:11   | HP: 47/197 [orc warrior/exploding inner flame[the player character] (6)]
 66899 | Zig:11   | HP: 17/197 [iron troll (17)]
 66905 | Zig:11   | HP: 90/197 [troll (6)]
 66994 | Zig:11   | Got a scorched turquoise ring
 67006 | Zig:11   | Got a coiled amber ring
 67022 | Zig:11   | Got a steaming iron ring
 67051 | Zig:11   | Identified the ring of Generosity {+Blink MR- Str+2 Int+2 Dex+4} (You found it on level 11 of a ziggurat)
 67052 | Zig:11   | Identified the ring "Umerutuk" {-Tele rF++ MR++ MP+9} (You found it on level 11 of a ziggurat)
 67053 | Zig:11   | Identified the ring of Mozed {rCorr Str+4 Int+4 Dex+3 Slay+2} (You found it on level 11 of a ziggurat)
 67061 | Zig:12   | Entered Level 12 of a ziggurat
 67096 | Zig:12   | Reached skill level 16 in Dodging
 67096 | Zig:12   | Reached skill level 16 in Invocations
 67116 | Zig:12   | HP: 82/197 [iron giant (glowing shapeshifter) (27)]
 67122 | Zig:12   | HP: 45/197 [iron giant (glowing shapeshifter) (30)]
 67181 | Zig:12   | Got a slimy gossamer ring
 67184 | Zig:12   | Identified the Compendium of Enchanting Talismans
 67218 | Zig:12   | Gained mutation: You are weak. (Str -2) [mutagenic meat]
 67219 | Zig:12   | Gained mutation: You are very weak. (Str -4) [mutagenic meat]
 67220 | Zig:12   | Gained mutation: You have supernaturally acute eyesight. (SInv) [mutagenic meat]
 67224 | Zig:12   | Lost mutation: You are clumsy. (Dex -2) [mutagenic meat]
 67225 | Zig:12   | Gained mutation: You are surrounded by a mild repulsion field. (EV +2) [mutagenic meat]
 67229 | Zig:12   | Gained mutation: Potions are less effective at restoring your health. [mutagenic meat]
 67230 | Zig:12   | Gained mutation: You have sharp toenails. [mutagenic meat]
 67231 | Zig:12   | Gained mutation: Your flesh is heat resistant. (rF+) [mutagenic meat]
 67232 | Zig:12   | Lost mutation: Your magical capacity is low. (-10% MP) [mutagenic meat]
 68044 | Pan      | Entered Pandemonium
 68144 | Pan      | Noticed Haleury the pandemonium lord
 68227 | Pan      | HP: 78/157 [Haleury the pandemonium lord (1)]
 68228 | Pan      | Killed Haleury the pandemonium lord
 68228 | Pan      | Reached skill level 17 in Invocations
 68240 | Pan      | HP: 88/177 [golden dragon/bolt of cold[an infernal corrupter] (10)]
 68509 | Pan      | Reached skill level 16 in Shields
 68565 | Pan      | Gained mutation: You are agile. (Dex +2) [a cacodemon]
 68567 | Pan      | Gained mutation: Your spells are a little easier to cast, but a little less powerful. [a cacodemon]
 68705 | Pan      | Reached skill level 17 in Shields
 68793 | Pan      | Gained mutation: You often lose your temper in combat. [a cacodemon]
 68969 | Pan      | Noticed Dumogg the pandemonium lord
 68997 | Pan      | Killed Dumogg the pandemonium lord
 69015 | Depths:1 | Escaped Pandemonium
 69017 | Pan      | Entered Pandemonium
 69017 | Pan      | Found an exit through the horrors of the Abyss.
 69103 | Pan      | Identified the ring "Xyobbump" {rPois rF+ rC++ Str+2 Slay-4} (You found it on level 12 of a ziggurat)
 69111 | Pan      | Reached skill level 18 in Shields
 69491 | Pan      | Noticed Etefue the pandemonium lord
 69502 | Pan      | Killed Etefue the pandemonium lord
 69552 | Pan      | Entered the realm of Cerebov.
 69596 | Pan      | Reached skill level 19 in Shields
 69694 | Pan      | Found an exit through the horrors of the Abyss.
 69918 | Pan      | Got a pitted glass ring
 70021 | Pan      | Identified the ring of Mirth {rC++ MR+ Str+2 Int+4 Stlth-} (You took it off a balrug in Pandemonium)
 70076 | Pan      | Identified the Almanac of Feathery Aid
 70099 | Pan      | Reached skill level 20 in Shields
 70124 | Pan      | Noticed Cerebov
 70150 | Pan      | Killed Cerebov
 70170 | Pan      | Got a fiery rune of Zot
 70434 | Pan      | Reached skill level 21 in Shields
 70541 | Pan      | Paralysed by accursed screaming for 1 turns
 70834 | Pan      | Noticed Joud the pandemonium lord
 70841 | Pan      | Killed Joud the pandemonium lord
 71033 | Pan      | Found an exit through the horrors of the Abyss.
 71059 | Pan      | Found a transporter.
 71145 | Pan      | Reached skill level 22 in Shields
 71357 | Pan      | Found a transporter.
 71629 | Pan      | Got a scorched iron amulet
 71630 | Pan      | Identified the amulet of Surprise {Gourm rElec} (You found it in Pandemonium)
 71644 | Pan      | Got a scorched jade ring
 71645 | Pan      | Identified the ring of Wikargh {MR+ Stlth+} (You found it in Pandemonium)
 71742 | Pan      | Reached skill level 23 in Shields
 72172 | Pan      | Identified the Volume of the Bruised Planets
 72522 | Pan      | Noticed Nikux the pandemonium lord
 72536 | Pan      | Killed Nikux the pandemonium lord
 72536 | Pan      | Reached skill level 24 in Shields
 72884 | Pan      | Noticed Wutus the pandemonium lord
 72897 | Pan      | Killed Wutus the pandemonium lord
 73134 | Pan      | Found an exit through the horrors of the Abyss.
 73289 | Pan      | Gained mutation: You are occasionally teleported next to monsters. [a neqoxec]
 73562 | Pan      | Noticed Xialluf the pandemonium lord
 73574 | Pan      | Killed Xialluf the pandemonium lord
 73574 | Pan      | Reached skill level 25 in Shields
 73578 | Pan      | Got a demonic rune of Zot
 73589 | Pan      | Entered the realm of Gloorx Vloq.
 73696 | Pan      | Reached skill level 3 in Translocations
 73787 | Pan      | Identified the ring of Irghecano {AC+2 Str+3} (You acquired it in Pandemonium)
 73887 | Pan      | Reached skill level 4 in Translocations
 74021 | Pan      | Reached skill level 5 in Translocations
 74065 | Pan      | Noticed Gloorx Vloq
 74105 | Pan      | Reached skill level 6 in Translocations
 74468 | Pan      | Reached skill level 7 in Translocations
 74665 | Pan      | Killed Gloorx Vloq
 74665 | Pan      | Reached skill level 16 in Armour
 74665 | Pan      | Reached skill level 8 in Translocations
 74706 | Pan      | Got a dark rune of Zot
 74801 | Pan      | Entered the realm of Mnoleg.
 74801 | Pan      | Found an exit through the horrors of the Abyss.
 74821 | Pan      | Paralysed by a floating eye for 4 turns
 74845 | Pan      | Lost mutation: You have supernaturally acute eyesight. (SInv) [a neqoxec]
 74852 | Pan      | Gained mutation: You occasionally shout uncontrollably at your foes. [a neqoxec]
 74881 | Pan      | Reached skill level 9 in Translocations
 74946 | Pan      | Noticed Mnoleg
 74963 | Pan      | Killed Mnoleg
 74968 | Pan      | Paralysed by a floating eye for 2 turns
 74969 | Pan      | Gained mutation: You do not regenerate when monsters are visible. [a neqoxec]
 74980 | Pan      | Gained mutation: Your magical capacity is low. (-10% MP) [a cacodemon]
 74981 | Pan      | Reached skill level 10 in Translocations
 74989 | Pan      | Gained mutation: Armour fits poorly on your strangely shaped body. [a neqoxec]
 74993 | Pan      | Gained mutation: You are dopey. (Int -2) [a neqoxec]
 74996 | Pan      | Paralysed by a floating eye for 3 turns
 75011 | Pan      | Gained mutation: You are frail. (-10% HP) [a neqoxec]
 75014 | Pan      | Lost mutation: You are agile. (Dex +2) [a neqoxec]
 75027 | Pan      | Reached skill level 17 in Armour
 75084 | Pan      | Got a glowing rune of Zot
 75103 | Pan      | Gained mutation: Your body often deteriorates upon taking damage. [a neqoxec]
 75108 | Pan      | Lost mutation: Your magical capacity is low. (-10% MP) [potion of mutation]
 75108 | Pan      | Lost mutation: You often lose your temper in combat. [potion of mutation]
 75108 | Pan      | Lost mutation: Your spells are a little easier to cast, but a little less powerful. [potion of mutation]
 75108 | Pan      | Lost mutation: You are dopey. (Int -2) [potion of mutation]
 75108 | Pan      | Gained mutation: You passively map a small area around you. [potion of mutation]
 75109 | Pan      | Lost mutation: You have sharp toenails. [potion of mutation]
 75109 | Pan      | Lost mutation: You are frail. (-10% HP) [potion of mutation]
 75109 | Pan      | Lost mutation: You are very weak. (Str -4) [potion of mutation]
 75109 | Pan      | Lost mutation: You tend to lose your temper in combat. [potion of mutation]
 75109 | Pan      | Gained mutation: Your spells are a little harder to cast, but a little more powerful. [potion of mutation]
 75109 | Pan      | Gained mutation: You are resistant to hostile enchantments. (MR+) [potion of mutation]
 75109 | Pan      | Gained mutation: You have large cloven feet. [potion of mutation]
 75110 | Pan      | Lost mutation: Your body often deteriorates upon taking damage. [potion of mutation]
 75110 | Pan      | Gained mutation: You are agile. (Dex +2) [potion of mutation]
 75111 | Pan      | Lost mutation: You have large cloven feet. [potion of mutation]
 75111 | Pan      | Lost mutation: Armour fits poorly on your strangely shaped body. [potion of mutation]
 75111 | Pan      | Gained mutation: You passively map the area around you. [potion of mutation]
 75111 | Pan      | Gained mutation: You are very agile. (Dex +4) [potion of mutation]
 75112 | Pan      | Lost mutation: Your spells are a little harder to cast, but a little more powerful. [potion of mutation]
 75112 | Pan      | Lost mutation: You do not regenerate when monsters are visible. [potion of mutation]
 75112 | Pan      | Lost mutation: You are weak. (Str -2) [potion of mutation]
 75112 | Pan      | Gained mutation: You are somewhat resistant to further mutation. [potion of mutation]
 75113 | Pan      | Lost mutation: Your flesh is heat resistant. (rF+) [potion of mutation]
 75113 | Pan      | Lost mutation: Potions are less effective at restoring your health. [potion of mutation]
 75311 | Pan      | Entered the realm of Lom Lobon.
 75347 | Pan      | Noticed Lom Lobon
 75349 | Pan      | Found an exit through the horrors of the Abyss.
 75350 | Pan      | Lost mutation: You are very agile. (Dex +4) [potion of mutation]
 75350 | Pan      | Lost mutation: You are resistant to hostile enchantments. (MR+) [potion of mutation]
 75350 | Pan      | Gained mutation: Your magical capacity is low. (-10% MP) [potion of mutation]
 75350 | Pan      | Gained mutation: You can translocate small distances at will. [potion of mutation]
 75351 | Pan      | Lost mutation: Your body sometimes deteriorates upon taking damage. [potion of mutation]
 75351 | Pan      | Lost mutation: You occasionally shout uncontrollably at your foes. [potion of mutation]
 75351 | Pan      | Lost mutation: You are surrounded by a mild repulsion field. (EV +2) [potion of mutation]
 75351 | Pan      | Lost mutation: You are agile. (Dex +2) [potion of mutation]
 75351 | Pan      | Gained mutation: Your body sometimes deteriorates upon taking damage. [potion of mutation]
 75352 | Pan      | Lost mutation: Your body sometimes deteriorates upon taking damage. [potion of mutation]
 75352 | Pan      | Lost mutation: You passively map the area around you. [potion of mutation]
 75352 | Pan      | Lost mutation: You are somewhat resistant to further mutation. [potion of mutation]
 75352 | Pan      | Gained mutation: You are frail. (-10% HP) [potion of mutation]
 75352 | Pan      | Gained mutation: You are very frail. (-20% HP) [potion of mutation]
 75352 | Pan      | Gained mutation: You are resistant to hostile enchantments. (MR+) [potion of mutation]
 75352 | Pan      | Gained mutation: Your flesh is heat resistant. (rF+) [potion of mutation]
 75353 | Pan      | Lost mutation: Your flesh is heat resistant. (rF+) [potion of mutation]
 75353 | Pan      | Lost mutation: You are very frail. (-20% HP) [potion of mutation]
 75353 | Pan      | Lost mutation: Your magical capacity is low. (-10% MP) [potion of mutation]
 75353 | Pan      | Gained mutation: Your flesh is heat resistant. (rF+) [potion of mutation]
 75353 | Pan      | Gained mutation: You are partially covered in rugged brown scales. (AC +1, +3% HP) [potion of mutation]
 75434 | Pan      | Reached skill level 18 in Armour
 75950 | Pan      | Reached skill level 18 in Invocations
 75980 | Pan      | HP: 91/183 [Lom Lobon/tornado (5)]
 76066 | Pan      | HP: 88/183 [Lom Lobon/tornado (9)]
 76078 | Pan      | HP: 46/183 [Lom Lobon/great icy blast (36)]
 76198 | Pan      | HP: 74/183 [Lom Lobon/great icy blast (25)]
 76201 | Pan      | Killed Lom Lobon
 76209 | Pan      | Got a magical rune of Zot
 76256 | Pan      | Reached skill level 19 in Armour
 76304 | Pan      | Took an exit into the Abyss.
 76304 | Abyss:1  | Escaped into the Abyss
 76549 | Depths:1 | Escaped the Abyss
 76830 | Slime:1  | Entered Level 1 of the Pits of Slime
 77026 | Slime:1  | Reached skill level 20 in Armour
 77096 | Slime:3  | Reached skill level 1 in Summonings
 77157 | Slime:3  | Reached skill level 2 in Summonings
 77242 | Slime:4  | Reached skill level 3 in Summonings
 77248 | Slime:5  | Entered Level 5 of the Pits of Slime
 77277 | Slime:5  | Noticed the Royal Jelly
 77291 | Slime:5  | Killed the Royal Jelly
 77291 | Slime:5  | Reached skill level 4 in Summonings
 77291 | Slime:5  | Reached skill level 11 in Spellcasting
 77303 | Slime:5  | Reached skill level 5 in Summonings
 77357 | Slime:5  | Found the ring of Shadows {Umbra +Inv Stlth+}
 77396 | Slime:5  | Identified the Collected Works on Battle Magic and the Snowflakes
 77435 | Slime:5  | Identified the Reference Book on Helpful Ignition
 77448 | Slime:5  | Got a slimy rune of Zot
 77511 | Slime:2  | Gained mutation: Armour fits poorly on your strangely shaped body. [a shining eye]
 77526 | Slime:2  | Gained mutation: You are very frail. (-20% HP) [a shining eye]
 77532 | Slime:2  | Gained mutation: Scrolls take you a little longer to read. [a shining eye]
 77533 | Slime:2  | Reached skill level 6 in Summonings
 78448 | Orc:2    | Bought a scroll of enchant weapon for 112 gold pieces
 78448 | Orc:2    | Bought a scroll of enchant armour for 112 gold pieces
 78871 | Vaults:5 | Bought a scroll of brand weapon for 260 gold pieces
 79214 | Zot:1    | Entered Level 1 of the Realm of Zot
 79326 | Zot:3    | Reached skill level 7 in Summonings
 79339 | Zot:3    | Reached skill level 12 in Spellcasting
 79555 | Zot:1    | Noticed an orb of fire
 79556 | Zot:1    | Lost mutation: Armour fits poorly on your strangely shaped body. [an orb of fire]
 79570 | Zot:1    | Gained mutation: You are clumsy. (Dex -2) [an orb of fire]
 79572 | Zot:1    | Killed an orb of fire
 79825 | Zot:1    | Reached skill level 19 in Invocations
 80309 | Zot:2    | Reached skill level 20 in Invocations
 80980 | Zot:3    | Reached skill level 21 in Invocations
 81661 | Zot:3    | Lost mutation: Scrolls take you a little longer to read. [mutagenic meat]
 81663 | Zot:3    | Lost mutation: You are resistant to hostile enchantments. (MR+) [mutagenic meat]
 81674 | Zot:3    | Gained mutation: You are surrounded by a mild repulsion field. (EV +2) [mutagenic meat]
 81675 | Zot:3    | Gained mutation: You have a pair of small horns on your head. [mutagenic meat]
 81676 | Zot:3    | Gained mutation: You are extremely frail. (-30% HP) [mutagenic meat]
 81717 | Zot:3    | Lost mutation: You are extremely frail. (-30% HP) [mutagenic meat]
 81731 | Zot:3    | Reached skill level 22 in Invocations
 81747 | Zot:3    | Identified Tenozul's Guide on the Volcanoes and Lightness
 81932 | Zot:4    | Noticed an orb of fire
 81938 | Zot:4    | Gained mutation: You are weak. (Str -2) [an orb of fire]
 81945 | Zot:4    | Gained mutation: You are dopey. (Int -2) [an orb of fire]
 81957 | Zot:4    | Killed an orb of fire
 82136 | Zot:4    | Reached skill level 23 in Invocations
 82202 | Zot:4    | Noticed an orb of fire
 82208 | Zot:4    | Gained mutation: You are very weak. (Str -4) [an orb of fire]
 82217 | Zot:4    | Killed an orb of fire
 82232 | Zot:4    | HP: 76/163 [golden dragon (8)]
 82239 | Zot:4    | HP: 90/244 [storm dragon/bolt of lightning (3)]
 82412 | Zot:4    | Reached skill level 24 in Invocations
 82600 | Zot:5    | Entered Level 5 of the Realm of Zot
 82626 | Zot:5    | Noticed an ancient lich
 82626 | Zot:5    | Noticed an ancient lich
 82627 | Zot:5    | Noticed an orb of fire
 82627 | Zot:5    | Noticed an orb of fire
 82627 | Zot:5    | Noticed an orb of fire
 82627 | Zot:5    | Noticed an orb of fire
 82627 | Zot:5    | Lost mutation: You are very weak. (Str -4) [an orb of fire]
 82638 | Zot:5    | Killed an orb of fire
 82638 | Zot:5    | Gained mutation: You occasionally shout uncontrollably at your foes. [an orb of fire]
 82638 | Zot:5    | Gained mutation: You are sometimes teleported next to monsters. [an orb of fire]
 82639 | Zot:5    | Gained mutation: You are extremely frail. (-30% HP) [an orb of fire]
 82640 | Zot:5    | Gained mutation: Armour fits poorly on your strangely shaped body. [an orb of fire]
 82644 | Zot:5    | Noticed an orb of fire
 82644 | Zot:5    | Noticed an orb of fire
 82644 | Zot:5    | Noticed an orb of fire
 82644 | Zot:5    | Noticed an orb of fire
 82644 | Zot:5    | Noticed an orb of fire
 82645 | Zot:5    | Lost mutation: You occasionally shout uncontrollably at your foes. [an orb of fire]
 82646 | Zot:5    | Noticed an orb of fire
 82648 | Zot:5    | Gained mutation: Scrolls take you a little longer to read. [an orb of fire]
 82648 | Zot:5    | Gained mutation: Potions are less effective at restoring your health. [an orb of fire]
 82651 | Zot:5    | Gained mutation: You expend magic power (3 MP) to strengthen your wands. [an orb of fire]
 82653 | Zot:5    | Killed an orb of fire
 82653 | Zot:5    | Gained mutation: Your spells are a little easier to cast, but a little less powerful. [an orb of fire]
 82658 | Zot:5    | Gained mutation: Potions are poor at restoring your health. [an orb of fire]
 82666 | Zot:5    | Gained mutation: Scrolls take you longer to read. [an orb of fire]
 82667 | Zot:5    | Killed an orb of fire
 82667 | Zot:5    | Gained mutation: You are very clumsy. (Dex -4) [an orb of fire]
 82668 | Zot:5    | Gained mutation: You are very dopey. (Int -4) [an orb of fire]
 82674 | Zot:5    | Killed an orb of fire
 82675 | Zot:5    | Gained mutation: Your magical capacity is low. (-10% MP) [an orb of fire]
 82677 | Zot:5    | Killed an orb of fire
 82681 | Zot:5    | Gained mutation: You do not regenerate when monsters are visible. [an orb of fire]
 82687 | Zot:5    | Killed an orb of fire
 82687 | Zot:5    | Reached skill level 25 in Invocations
 82692 | Zot:5    | Killed an orb of fire
 82721 | Zot:5    | Noticed an ancient lich
 82763 | Zot:5    | Noticed an ancient lich
 82765 | Zot:5    | Reached skill level 26 in Invocations
 82781 | Zot:5    | Killed an ancient lich
 82948 | Zot:5    | Killed an orb of fire
 82953 | Zot:5    | Killed an ancient lich
 82964 | Zot:5    | Reached skill level 27 in Invocations
 82973 | Zot:5    | Gained mutation: Your magical capacity is very low. (-20% MP) [an orb of fire]
 82974 | Zot:5    | Gained mutation: You tend to lose your temper in combat. [an orb of fire]
 82986 | Zot:5    | Killed an orb of fire
 82992 | Zot:5    | Killed an ancient lich
 82997 | Zot:5    | Lost mutation: Your magical capacity is very low. (-20% MP) [an orb of fire]
 83001 | Zot:5    | Killed an orb of fire
 83001 | Zot:5    | Reached skill level 27 in Fighting
 83006 | Zot:5    | Killed an ancient lich
 83331 | Zot:5    | Noticed an ancient lich
 83337 | Zot:5    | Noticed an ancient lich
 83339 | Zot:5    | Killed an ancient lich
 83348 | Zot:5    | Killed an ancient lich
 83348 | Zot:5    | Reached skill level 21 in Maces & Flails
 83755 | Zot:5    | Got the Orb of Zot
 83907 | Zot:1    | Noticed Futepum the pandemonium lord
 83919 | Zot:1    | Killed Futepum the pandemonium lord
 84321 | D:8      | Noticed Jexziqol the pandemonium lord
 84369 | D:5      | Noticed Azy Jowk the pandemonium lord
 84378 | D:4      | Killed Azy Jowk the pandemonium lord
 84657 | D:$      | Escaped with the Orb!

Vanquished Creatures
  Cerebov (Pan)
  9 pandemonium lords
  Gloorx Vloq (Pan)
  the Royal Jelly (Slime:5)
  Lom Lobon (Pan)
  Mnoleg (Pan)
  Mara (Shoals:4)
  13 orbs of fire
  7 ancient liches
  2 juggernauts
  2 greater mummies
  Bai Suzhen (Crypt:3)
  Boris (Crypt:2)
  2 curse toes
  Margery (Vaults:4)
  Xtahua (Crypt:1)
  A caustic shrike (Depths:2)
  3 Killer Klowns
  20 golden dragons
  Nikola (Vaults:1)
  2 bone dragons
  7 Brimstone Fiends (Pan)
  3 Tzitzimimeh
  Jorgrun (Vaults:1)
  3 electric golems (Zot:5)
  A hellephant (Abyss:3)
  An iron giant (shapeshifter) (Zig:12)
  28 Orb Guardians
  5 liches
  3 Ice Fiends (Pan)
  5 Hell Sentinels (Pan)
  20 tentacled monstrosities
  14 titans
  8 deep elf blademasters
  7 quicksilver dragons
  7 deep elf master archers
  3 krakens
  5 death cobs
  21 Executioners (Pan)
  5 shadow dragons
  7 sphinxes
  23 acid blobs
  Polyphemus (Shoals:4)
  Frances (Snake:1)
  Gastronok (Lair:1)
  11 tentacled starspawn
  4 ancient champions
  5 draconian monks
  4 revenants
  7 nagarajas (Snake:4)
  Roxanne (D:15)
  Donald (Elf:2)
  12 tengu reavers
  23 storm dragons
  32 fire giants
  15 azure jellies
  Ilsuiw (Shoals:4)
  Louise (Shoals:4)
  7 draconian knights
  15 balrugs
  An emperor scorpion (Zig:10)
  20 cacodemons (Pan)
  8 ghost moths
  30 frost giants
  An iron dragon (Depths:4)
  12 vault wardens
  Aizul (Vaults:4)
  3 curse skulls
  2 orc warlords
  9 deep elf sorcerers (Elf:3)
  5 ghouls
  10 draconian scorchers
  8 draconian annihilators
  8 draconian shifters
  11 warmongers (Pan)
  3 spriggan defenders
  6 draconian stormcallers
  6 deep elf elementalists
  23 reapers
  8 entropy weavers
  11 ironheart preservers
  11 blood saints (Pan)
  26 very ugly things
  2 war gargoyles (Vaults:5)
  34 stone giants
  18 vampire knights
  9 green draconians
  2 bennus (Zig:9)
  13 black draconians
  16 purple draconians
  12 yellow draconians
  7 corrupters (Pan)
  6 deep elf demonologists
  Azrael (Orc:2)
  4 black suns (Pan)
  15 lorocyprocas (Pan)
  18 red draconians
  7 deep elf annihilators
  9 dire elephants
  13 white draconians
  15 spark wasps
  15 green deaths (Pan)
  4 merfolk javelineers (Shoals:4)
  13 deep elf death magi
  4 eidola
  30 blizzard demons
  19 ettins
  Snorg (Lair:3)
  8 merfolk impalers
  7 death oozes (Slime:5)
  4 jiangshi
  A quicksilver dragon zombie (Crypt:3)
  5 mummy priests
  7 deep elf high priests
  10 fire dragons
  Erolcha (D:11)
  19 yaktaur captains
  22 ogre magi
  15 great orbs of eyes
  A quicksilver dragon skeleton (Pan)
  10 monstrous demonspawn (Pan)
  12 rakshasas
  A minotaur (Lab)
  17 ice dragons
  4 hydras
  25 vault guards
  A merfolk avatar (Shoals:3)
  7 merfolk aquamancers (Shoals:4)
  22 anacondas
  3 hell beasts (Pan)
  15 naga warriors
  13 centaur warriors
  11 spriggan air magi
  6 tengu warriors
  An alligator snapping turtle (Shoals:4)
  3 catoblepae
  37 dancing weapons
  A death scarab (Zig:9)
  A queen ant (Lair:5)
  44 two-headed ogres
  2 orc high priests
  2 satyrs (Shoals:4)
  10 vampire magi
  2 anacondas (shapeshifter)
  2 death knights
  2 death yaks (Shoals:4)
  A hell hog (Abyss:1)
  15 deep troll earth magi
  Urug (Lair:3)
  7 deep troll shamans
  8 thrashing horrors (Abyss:3)
  11 shock serpents
  7 naga sharpshooters
  9 spriggan berserkers
  22 deep elf knights
  22 soul eaters
  3 iron trolls
  Sonja (D:10)
  2 titan zombies (Crypt:3)
  Nergalle (D:10)
  4 storm dragon zombies (Crypt:3)
  5 wretched stars
  2 golden dragon zombies (Crypt:3)
  A fire crab (Abyss:3)
  24 skeletal warriors
  30 sun demons
  3 unseen horrors
  22 hell knights
  11 shadow wraiths
  5 salamander mystics (Snake:4)
  13 sea snakes
  A titan skeleton (Pan)
  22 sixfirhies
  5 shadow demons (Pan)
  8 gelid demonspawn
  5 torturous demonspawn (Pan)
  42 deep trolls
  6 infernal demonspawn (Pan)
  A shadow dragon zombie (Crypt:1)
  10 glowing orange brains
  16 flayed ghosts
  4 spatial maelstroms
  23 starcursed masses
  A tengu zombie (Zig:3)
  14 deep elf archers
  5 anaconda skeletons
  8 harpies
  18 ironbrand convokers
  5 wizards
  7 naga ritualists
  19 phantasmal warriors
  4 lindwurms (Snake:4)
  48 deep elf magi
  A golden dragon skeleton (Pan)
  13 orc knights
  5 frost giant zombies
  An orb spider (shapeshifter) (D:14)
  A shadow dragon skeleton (Crypt:2)
  15 mana vipers
  10 oklob plants
  A fire giant zombie (WizLab)
  9 fauns
  A shining eye (shapeshifter) (Depths:2)
  11 necromancers
  2 stone giant zombies
  13 cyclopes
  An orb spider (Zig:10)
  A faun (shapeshifter) (Depths:5)
  14 orc sorcerers
  A worldbinder (Abyss:3)
  8 shining eyes
  A sphinx skeleton (Zig:9)
  12 manticores
  52 ugly things
  11 wolf spiders
  2 manticores (shapeshifter)
  Maurice (Orc:2)
  5 rust devils
  A moth of wrath (shapeshifter) (Vaults:5)
  An elf zombie (Zig:4)
  14 vault sentinels
  An iron dragon skeleton (Pan)
  A dire elephant zombie (Crypt:3)
  8 salamanders
  4 ice statues (IceCv)
  The ghost of Caerun the Cudgeler, a novice GrFi (D:7)
  16 elephants
  27 moths of wrath
  3 frost giant skeletons
  2 centaur zombies
  11 guardian serpents
  A demonspawn zombie (WizLab)
  13 apocalypse crabs
  A stone giant skeleton (Pan)
  A gargoyle (D:13)
  27 orange demons
  A black mamba (shapeshifter) (Vaults:4)
  38 black mambas
  A guardian serpent (shapeshifter) (Depths:4)
  6 water nymphs
  3 eyes of devastation
  2 torpor snails
  7 merfolk sirens
  64 smoke demons
  3 hellions
  12 spiny frogs
  A dire elephant skeleton (Pan)
  3 centaur skeletons
  24 naga magi
  2 shock serpent skeletons
  2 rime drakes
  17 small abominations
  2 tormentors (Pan)
  A komodo dragon (shapeshifter) (Abyss:3)
  48 yaktaurs
  A yaktaur (shapeshifter) (D:15)
  3 anaconda simulacra (IceCv)
  10 freezing wraiths
  A swamp worm zombie (Crypt:1)
  21 hellwings (Pan)
  2 yaktaur skeletons
  6 efreet
  12 demonic crawlers
  9 komodo dragons
  A golden dragon simulacrum (IceCv)
  18 ice devils
  7 ancient zymes
  3 tengu conjurers
  A queen bee (Lair:3)
  9 trolls
  18 red devils
  A merfolk (shapeshifter) (Vaults:1)
  A jumping spider (shapeshifter) (Elf:1)
  A polar bear (shapeshifter) (Depths:2)
  4 jumping spiders
  A wind drake (shapeshifter) (Elf:2)
  A harpy zombie (Crypt:3)
  Prince Ribbit (D:6)
  3 guardian mummies (WizLab)
  12 merfolk
  14 wind drakes
  8 snapping turtles
  A deep troll zombie (WizLab)
  84 slime creatures
  2 slime creatures (shapeshifter)
  17 raiju
  3 hornets
  2 bog bodies (Crypt:3)
  34 large abominations
  9 blink frogs
  12 hippogriffs
  A death drake skeleton (Crypt:3)
  2 dream sheep (shapeshifter)
  2 ettin zombies
  2 spriggan zombies
  An ice dragon zombie (WizLab)
  A flying skull (Abyss:3)
  An ettin skeleton (Vaults:4)
  8 redbacks
  5 air elementals
  Sigmund (D:2)
  13 wraiths
  5 tarantellas
  8 wyverns
  An ice dragon skeleton (Pan)
  An ushabti (Zig:9)
  21 vampires
  10 water elementals
  2 shadows
  28 yaks
  A fire bat (Abyss:1)
  A tarantella (shapeshifter) (Vaults:5)
  22 ynoxinuls
  The ghost of Daviar the Skirmisher, an amateur BaFi (Ossuary)
  A steam dragon (Zig:8)
  Eustachio (D:4)
  5 basilisks (Lair:3)
  4 hungry ghosts
  6 fire elementals
  A human (shapeshifter) (Depths:3)
  A tyrant leech zombie (Crypt:2)
  6 golden eyes (Abyss:1)
  Grum (D:7)
  21 chaos spawn
  Edmund (D:4)
  An iron troll simulacrum (IceCv)
  19 neqoxecs
  12 wargs
  7 soldier ants
  4 harpy simulacra (IceCv)
  5 hell hounds
  A two-headed ogre zombie (Crypt:1)
  A spiny frog zombie (Crypt:3)
  43 nagas
  6 spatial vortices (Abyss:1)
  8 acid dragons
  3 human zombies
  An infernal demonspawn skeleton (Crypt:3)
  14 water moccasins
  5 floating eyes
  6 porcupines
  A swamp drake (D:11)
  3 black bears
  3 sky beasts
  An ice beast (D:12)
  42 orc warriors
  A snapping turtle zombie (Crypt:2)
  An orc zombie (WizLab)
  5 boggarts
  An ettin simulacrum (IceCv)
  5 eyes of draining
  44 ogres
  2 snapping turtle skeletons (Pan)
  A spriggan simulacrum (Zig:9)
  7 wolves
  A tengu (shapeshifter) (Depths:2)
  An elephant skeleton (Crypt:1)
  2 necrophages
  13 centaurs
  A rime drake zombie (Crypt:1)
  24 crocodiles
  Blork the orc (D:6)
  15 bullfrogs
  A wyvern zombie (D:12)
  A deep troll simulacrum (Vaults:4)
  2 glowing shapeshifter simulacra (Vaults:4)
  A water moccasin zombie (D:9)
  5 scorpions
  A water moccasin skeleton (Crypt:3)
  A raiju zombie (Crypt:1)
  28 killer bees (Lair:3)
  12 electric eels
  4 howler monkeys
  9 wights
  A raiju skeleton (Crypt:1)
  11 crimson imps
  2 bullfrog zombies
  3 quasits
  9 hounds
  An iron imp (Abyss:3)
  17 jellies
  11 orc priests
  Crazy Yiuf (D:2)
  35 orc wizards
  4 bullfrog skeletons
  4 iguanas
  18 worker ants
  A killer bee zombie (D:6)
  A crocodile skeleton (Crypt:1)
  A demigod zombie (Crypt:2)
  A hound skeleton (D:4)
  10 mummies
  2 howler monkey zombies
  A worker ant zombie (D:9)
  12 adders
  7 gnolls
  A scorpion zombie (Crypt:2)
  5 shadow imps
  3 white imps
  4 ufetubi (Abyss:1)
  10 oozes
  2 adder zombies
  A lava snake zombie (Crypt:2)
  A worm (shapeshifter) (Depths:2)
  6 worms
  A dart slug (D:1)
  4 leopard geckos
  78 orcs
  6 bats (D:1)
  3 giant cockroaches
  7 goblins
  3 hobgoblins
  16 jackals
  16 kobolds
  6 quokkas
  3 gnoll skeletons (Ossuary)
  A jackal skeleton (D:4)
  A jackal zombie (Crypt:1)
  10 kobold skeletons (Ossuary)
  A leopard gecko skeleton (D:6)
  12 orc skeletons (Ossuary)
  A quokka skeleton (D:4)
  5 rats
  A crawling corpse (Depths:4)
  2 fire vortices (Pan)
  A lurking horror (Abyss:3)
  4 plants
  11 starspawn tentacles
  3 tentacles
3596 creatures vanquished.

Vanquished Creatures (collateral kills)
  A draconian annihilator (Zot:5)
  4 very ugly things (Pan)
  A mummy priest (Zig:9)
  A rakshasa (Pan)
  A shock serpent (Snake:4)
  A titan skeleton (Zig:9)
  2 sixfirhies (Pan)
  An ugly thing (Pan)
  An orb spider (Zig:7)
  2 orange demons (Pan)
  A troll (Zig:11)
  An ice dragon zombie (WizLab)
  A redback (Zig:7)
  A chaos spawn (Pan)
  3 neqoxecs (Pan)
  A large abomination (Pan)
  A plant (Zig:9)
24 creatures vanquished.

Vanquished Creatures (others)
  An eldritch tentacle (Pan)
  A fire giant (Depths:1)
  A draconian scorcher (Zot:5)
  A draconian annihilator (Pan)
  A stone giant (Zig:12)
  A vampire knight (Depths:4)
  A yellow draconian (Zot:2)
  A purple draconian (Zot:5)
  A blizzard demon (Pan)
  A great orb of eyes (Slime:1)
  2 yaktaur captains
  2 deep troll earth magi (Depths:4)
  A naga sharpshooter (Snake:4)
  A sixfirhy (Pan)
  A deep troll (Depths:4)
  A starcursed mass (Abyss:3)
  3 deep elf archers
  A cyclops (Vaults:2)
  A moth of wrath (Zot:5)
  7 yaktaurs
  5 wind drakes (Pan)
  A water elemental (Abyss:1)
  A ynoxinul (Pan)
  A steam dragon (Zig:8)
  A neqoxec (Pan)
  An ogre (Vaults:3)
  A phantom (D:11)
  A centaur (Depths:2)
  2 small abominations
  An orc wizard (D:12)
  11 ball lightnings (Pan)
  4 blocks of ice (Pan)
  A bush (D:5)
  A fire vortex (Pan)
  5 fungi
  4 lurking horrors
  27 plants
  31 starspawn tentacles
  14 tentacles
  9 toadstools (D:2)
152 creatures vanquished.

Grand Total: 3772 creatures vanquished

Table legend:
 A = Turns spent in this place as a percentage of turns spent in the entire game.
 B = Non-inter-level travel turns spent in this place as a percentage of non-inter-level travel turns spent in the entire game.
 C = Inter-level travel turns spent in this place as a percentage of turns spent in this place.
 D = Turns resting spent in this place as a percentage of non-inter-level travel turns spent in this place.
 E = Turns spent auto-exploring this place as a percentage of non-inter-level travel turns spent in this place.
 F = Non-inter-level travel turns spent in this place divided by the number of levels of this place that you've seen.
                   A       B       C       D       E      F
               +-------+-------+-------+-------+-------+----------------------
         Total | 100.0 | 100.0 |  10.4 |  17.7 |  47.9 | 807.1
       Dungeon |  22.8 |  20.7 |  18.6 |  22.2 |  53.6 | 1047.7
        Temple |   0.2 |   0.1 |  42.1 |   0.0 |  92.6 |  81.0
          Lair |  10.3 |  10.4 |   8.9 |  26.3 |  52.3 | 1320.0
        Shoals |   4.8 |   5.2 |   4.3 |  13.2 |  59.5 | 977.8
     Snake Pit |   5.5 |   5.9 |   3.8 |  13.0 |  57.1 | 1111.2
    Slime Pits |   0.9 |   0.9 |   2.5 |   6.5 |   5.3 | 142.6
  Orcish Mines |   2.9 |   2.4 |  26.4 |  20.0 |  48.5 | 910.0
   Elven Halls |   5.7 |   5.6 |  11.0 |  28.1 |  38.7 | 1427.7
        Vaults |  10.7 |   9.7 |  18.4 |   6.3 |  55.4 | 1477.2
         Crypt |   4.5 |   4.7 |   4.8 |  13.2 |  53.1 | 1199.0
        Depths |   9.4 |   9.7 |   8.3 |  20.8 |  41.1 | 1464.4
           Zot |   5.6 |   5.8 |   6.5 |   2.5 |  56.6 | 883.4
         Abyss |   2.2 |   2.5 |   0.0 |   3.5 |  42.3 | 470.5
   Pandemonium |   9.8 |  10.9 |   0.0 |  14.5 |  39.0 | 550.5
      Ziggurat |   1.7 |   1.9 |   0.0 |  27.9 |  23.3 | 122.9
     Labyrinth |   0.7 |   0.8 |   0.0 |  10.8 |   0.0 | 582.0
        Bazaar |   0.2 |   0.2 |   0.0 |   0.0 |  61.7 | 128.0
       Ossuary |   0.4 |   0.4 |   0.0 |  35.6 |  27.9 | 326.0
      Ice Cave |   1.1 |   1.2 |   0.0 |  49.1 |  15.6 | 935.0
        Wizlab |   0.8 |   0.9 |   0.0 |  41.6 |  10.7 | 671.0
               +-------+-------+-------+-------+-------+----------------------
